AoeStats
← 把腿掰开

Black Forest

505444664Analyzed
3v3 RM · 22d ago on Sep 9, 2026· 57m 45s· 6 players
Game mode
Random Map
Map size
Normal (6 player)
Population
200
Speed
Normal
Resources
Standard
Victory
Conquest
Starting age
Dark Age
Ending age
Imperial Age
RankedLock teamsTeams togetherTeam positionsShared explorationLock speedFull tech treeHidden civsTurbo modeCheats
Victory
Defeat
🇨🇳 Turks · China
993
+13
🇨🇳 Khmer · China
981
+13
🇨🇳 Bohemians · China
939
+15
🇫🇷 Mongols · France
953
-14
🇫🇷 Japanese · France
927
-14
🇩🇪 Lithuanians · Germany
896
-13
Akkylis
1:44 Loom
11:27 Feudal Age
12:59 Wheelbarrow
12:53 Double-Bit Axe
14:33 Horse Collar
18:15 Castle Age
17:36 Horse Collar
17:45 Double-Bit Axe
19:52 Hand Cart
24:14 Town Watch
27:12 Heavy Plow
27:30 Bow Saw
28:59 Caravan
29:31 Gold Mining
29:38 Stone Mining
30:38 Town Patrol
30:31 Fletching
30:42 Padded Archer Armor
32:05 Gold Shaft Mining
32:07 Stone Shaft Mining
32:26 Bodkin Arrow
32:46 Leather Archer Armor
32:41 Forging
33:27 Ballistics
33:17 Fortified Wall
33:02 Murder Holes
33:48 Coinage
33:34 Forging
37:13 Imperial Age
34:34 Pikeman
35:15 Squires
35:00 Arson
34:36 Man-at-Arms
37:54 Iron Casting
37:24 Scale Barding Armor
37:31 Masonry
38:15 Bracer
39:20 Chemistry
38:03 Elite Mangudai
39:15 Conscription
39:38 Drill
39:58 Hoardings
39:47 Bloodlines
39:37 Husbandry
39:50 Heavy Camel Rider
40:35 Nomads
42:03 Siege Engineers
43:03 Blast Furnace
42:23 Chain Barding Armor
42:04 Scale Mail Armor
41:33 Elite Steppe Lancer
42:56 Banking
48:43 Light Cavalry
48:44 Cavalier
51:53 Hussar
54:46 Chain Mail Armor
mcfly
0:50 Loom
11:07 Feudal Age
16:12 Castle Age
14:05 Double-Bit Axe
16:02 Horse Collar
18:10 Wheelbarrow
18:47 Town Watch
24:28 Heavy Plow
26:46 Bow Saw
26:54 Caravan
30:55 Imperial Age
28:45 Gold Mining
29:33 Scale Barding Armor
30:32 Redemption
30:37 Fervor
30:50 Sanctity
30:56 Ballistics
31:29 Chain Barding Armor
31:19 Forging
31:24 Fortified Wall
31:36 Hand Cart
32:50 Chemistry
32:23 Husbandry
32:46 Bloodlines
33:33 Crop Rotation
32:28 Cavalier
33:40 Conscription
34:26 Iron Casting
34:54 Light Cavalry
36:16 Plate Barding Armor
35:32 Fletching
37:48 Padded Archer Armor
37:51 Elite Skirmisher
39:44 Paladin
39:44 Winged Hussar
41:49 Winged Hussar
49:58 Bodkin Arrow
50:21 Leather Archer Armor
BrocK
0:37 Loom
12:14 Feudal Age
21:55 Castle Age
19:55 Double-Bit Axe
24:38 Stone Mining
26:40 Horse Collar
32:06 Bow Saw
38:34 Imperial Age
35:51 Town Watch
37:20 Caravan
37:40 Heavy Plow
38:28 Scale Mail Armor
38:39 Forging
39:39 Wheelbarrow
39:18 Murder Holes
39:44 Ballistics
39:39 Fortified Wall
39:40 Gold Mining
40:15 Onager
42:13 Two-Man Saw
41:45 Conscription
43:12 Gold Shaft Mining
42:43 Elite Samurai
45:50 Iron Casting
45:36 Chain Mail Armor
45:30 Yasama
46:09 Hand Cart
48:24 Blast Furnace
48:44 Plate Mail Armor
50:51 Light Cavalry
51:41 Bloodlines
51:32 Husbandry
51:10 Cavalier
52:56 Heavy Scorpion
55:09 Scale Barding Armor
58:15 Chemistry
探索黑洞
0:42 Loom
15:02 Feudal Age
16:17 Man-at-Arms
20:11 Castle Age
19:37 Double-Bit Axe
19:35 Horse Collar
21:02 Bow Saw
22:56 Fervor
26:49 Wheelbarrow
27:41 Heavy Plow
32:31 Imperial Age
30:22 Town Watch
32:33 Chemistry
31:15 Treadmill Crane
31:26 Pikeman
32:07 Squires
31:52 Arson
32:10 Scale Mail Armor
33:09 Masonry
32:55 Murder Holes
33:45 Conscription
34:21 Hand Cart
35:17 Two-Man Saw
34:36 Forging
35:00 Halberdier
37:01 Husbandry
38:42 Architecture
38:45 Wagenburg Tactics
38:35 Light Cavalry
40:13 Elite Skirmisher
42:09 Padded Archer Armor
42:25 Chain Mail Armor
42:45 Iron Casting
42:18 Elite Hussite Wagon
43:02 Caravan
43:36 Coinage
45:58 Houfnice
48:08 Plate Mail Armor
48:38 Blast Furnace
47:45 Scale Barding Armor
47:56 Leather Archer Armor
47:31 Fletching
56:37 Banking
56:18 Guilds
56:53 Sappers
57:56 Ring Archer Armor
57:47 Chain Barding Armor
57:23 Bodkin Arrow
七级床震
0:28 Loom
10:39 Feudal Age
16:23 Castle Age
18:39 Double-Bit Axe
20:58 Bow Saw
24:09 Horse Collar
24:30 Gold Mining
24:37 Stone Mining
30:20 Imperial Age
30:05 Wheelbarrow
29:16 Town Watch
29:35 Heavy Plow
30:18 Gold Shaft Mining
30:18 Stone Shaft Mining
29:56 Husbandry
30:07 Bloodlines
29:17 Light Cavalry
30:00 Tusk Swords
31:27 Hand Cart
31:18 Town Patrol
32:22 Ballistics
33:02 Chemistry
32:13 Masonry
32:18 Forging
32:13 Scale Barding Armor
33:27 Crop Rotation
33:23 Double Crossbow
34:18 Caravan
36:43 Conscription
35:44 Elite Ballista Elephant
38:03 Iron Casting
37:48 Chain Barding Armor
43:39 Hussar
45:25 Blast Furnace
45:00 Plate Barding Armor
把腿掰开
1:48 Loom
18:00 Feudal Age
22:02 Double-Bit Axe
22:00 Horse Collar
28:13 Castle Age
27:53 Scale Barding Armor
27:49 Padded Archer Armor
27:40 Fletching
28:01 Forging
27:51 Scale Mail Armor
29:40 Caravan
29:46 Squires
31:53 Leather Archer Armor
31:51 Heavy Plow
32:37 Gold Mining
32:42 Stone Mining
34:19 Wheelbarrow
33:29 Town Watch
34:07 Town Watch
35:36 Gold Shaft Mining
36:33 Fervor
37:01 Sipahi
37:15 Husbandry
37:25 Bloodlines
39:10 Bow Saw
39:38 Hand Cart
39:51 Bodkin Arrow
40:18 Chain Barding Armor
40:34 Iron Casting
40:14 Town Patrol
43:20 Imperial Age
41:23 Treadmill Crane
41:39 Murder Holes
41:57 Masonry
42:08 Ballistics
42:14 Arson
44:34 Ring Archer Armor
43:27 Elite Janissary
44:34 Conscription
45:00 Sanctity
45:25 Hoardings
46:16 Architecture
45:18 Heavy Camel Rider
50:18 Plate Barding Armor
50:44 Blast Furnace
51:40 Fortified Wall
51:33 Bracer
52:27 Capped Ram
55:14 Chain Mail Armor
56:54 Artillery
Connection lost

Rejoining the realm…

Still unreachable

The connection could not be restored.

Session expired

The server has moved on; the page needs a fresh start.